 Dungeon Crawl Stone Soup version 0.19-a0-1532-g228a5d9 (webtiles) character file.

188 epen the Insei (level 5, -1/43 HPs)
             Began as a Merfolk Monk on Sept 13, 2016.
             Killed by divine providence
             ... invoked by an orc priest
              (13 damage)
             ... on level 4 of the Dungeon.
             The game lasted 00:05:51 (3749 turns).

epen the Insei (Merfolk Monk)                       Turns: 3749, Time: 00:05:52

Health: -1/43      AC:  6    Str: 11    XL:     5   Next: 67%
Magic:  5/5        EV: 13    Int:  9    God:
Gold:   100        SH:  0    Dex: 18    Spells: 0 memorised, 4 levels left

rFire  . . .     SeeInvis .       - Unarmed
rCold  . . .     Gourm    .     l - +0 ring mail
rNeg   . . .     Faith    .     (no shield)
rPois  .         Spirit   .     (no helmet)
rElec  .         Dismiss  .     v - +0 cloak
rCorr  .         Reflect  .     (no gloves)
MR     .....     Harm     .     (no boots)
Stlth  ++........               (no amulet)
                                i - ring of flight
                                h - ring of wizardry

@: no status effects
A: change form in water, swift swim, stealthy swim
a: Evoke Flight


You were on level 4 of the Dungeon.
You were not hungry.

You visited 1 branch of the dungeon, and saw 4 of its levels.

You collected 100 gold pieces.

Inventory:

Armour
 a - a +0 robe
 l - a +0 ring mail (worn)
 v - a +0 cloak (worn)
Jewellery
 h - a ring of wizardry (left hand)
 i - a ring of flight (right hand)
 n - an uncursed ring of wizardry
Wands
 d - a wand of polymorph (9/24)
 e - a wand of confusion (30/48)
Scrolls
 c - 3 scrolls of remove curse
 f - 3 scrolls of identify
 g - 2 scrolls of immolation
 p - a scroll of enchant weapon
Potions
 k - a potion of cancellation
Books
 u - a book of Battle

   Spells                             Type                      Level
   a - Infusion                       Charms                       1
   b - Shroud of Golubria             Charms/Translocation         2
   c - Song of Slaying                Charms                       2
   d - Spectral Weapon                Hexes/Charms                 3
   e - Regeneration                   Charms/Necromancy            3
Comestibles
 b - 2 bread rations
 o - 3 fruits
 q - a beef jerky


   Skills:
 + Level 4.4 Fighting
 + Level 5.0 Dodging
 - Level 2.1 Stealth
 * Level 5.4 Unarmed Combat
 - Level 0.1 Spellcasting


You had 4 spell levels left.
You didn't know any spells.

Dungeon Overview and Level Annotations

Branches:
Dungeon (4/15)
 Temple: D:4-7

Altars:
Ashenzari
Dithmenos
Hepliaklqana
Vehumet

Annotations:
D:2 Sigmund


Message History

An orc priest is nearby!
An orc priest is nearby!
The orc priest shouts!
The orc priest hits you with a hand axe.
You barely miss the orc priest. You closely miss the orc priest.
The orc priest calls down the wrath of Beogh upon you.
Beogh smites you!
You barely miss the orc priest. Your punch misses the orc priest.
The orc priest hits you with a hand axe.
* * * LOW HITPOINT WARNING * * *
You hit the orc priest.
The orc priest is lightly wounded.
The orc priest looks braver for a moment.
You are too injured to fight recklessly!
You closely miss the orc priest.
The orc priest is lightly wounded.
The orc priest mumbles some strange prayers to Beogh against you.
Beogh smites you!
You die...

##...,,,,........)..#.....##*****
...#*****##....#.....####.......*
#### #....#...(.# *.......* ..***
####.......###*....<..*
#...*****#######..(..#..........*
*##..,,,,.....##.......#*.......*
**#**,,.......)......#*......[*
***,,,.....#.o.......########*
*,,,,,...?,#.@.......#
****,,*,,...,,#...[.....#
.,,,,,********#.........#
..******* #.........#
#.,,,,,,**** ##)...>..##
#******,,,,** *.........* ****,,*
*..?......* **** #.........*
#.........*


You could see an orc priest.

Vanquished Creatures
  A hound (D:4)
  An orc priest (D:4)
  An orc wizard (D:4)
  3 adders
  4 worms
  A giant gecko (D:3)
  8 orcs
  11 bats
  4 giant cockroaches
  5 goblins
  3 hobgoblins
  9 kobolds
  2 quokkas
  A ball python (D:1)
  A giant newt (D:1)
  7 rats
62 creatures vanquished.

Notes
Turn   | Place    | Note
-------+----------+-------------------------------------------
     0 | D:1      | epen the Merfolk Monk began the quest for the Orb.
     0 | D:1      | Reached XP level 1. HP: 18/18 MP: 1/1
   215 | D:1      | Reached XP level 2. HP: 24/24 MP: 2/2
   847 | D:2      | Noticed Sigmund
   926 | D:2      | Found a shattered altar of Ashenzari.
  1188 | D:2      | Reached XP level 3. HP: 29/29 MP: 3/3
  1217 | D:2      | Found a shadowy altar of Dithmenos.
  1957 | D:3      | Found a radiant altar of Vehumet.
  2608 | D:4      | Found a hazy altar of Hepliaklqana.
  2652 | D:4      | Reached XP level 4. HP: 8/37 MP: 4/4
  2673 | D:4      | HP: 1/37 [orc wizard/dagger (2)]
  3334 | D:1      | Reached skill level 5 in Unarmed Combat
  3390 | D:3      | Reached XP level 5. HP: 26/42 MP: 5/5
  3686 | D:4      | Reached skill level 5 in Dodging
  3749 | D:4      | Killed from afar by an orc priest

Vault maps used:
D:1:      dpeg_arrival_rooms_a, due_unseen_surprise
D:2:      ashenzari_conservatory_becter, first_bread,
          nicolae_dithmenos_through_a_glass_darkly, uniq_sigmund
D:3:      vehumet_crystals, hex_medium
D:4:      lemuel_crystal_altar

Skill      XL: |  1  2  3  4  5 |
---------------+----------------+-----
Unarmed Combat | 4 5 |  5.4
Fighting       | 4 |  4.4
Dodging        | 5 |  5.0
Stealth        | |  2.1
Spellcasting   | |  0.1

Action                   |  1- 3 |  4- 6 || total
-------------------------+-------+-------++-------
Melee: Unarmed           |   171 |   106 ||   277
       Punch             |     1 |       ||     1
  Use: Potion            |     3 |     3 ||     6
       Scroll            |       |     5 ||     5
 Stab: Sleeping          |    11 |       ||    11
  Eat: Chunk             |     4 |       ||     4
       Meat ration       |       |     1 ||     1
Armor: Robe              |    19 |       ||    19
       Ring mail         |    19 |    27 ||    46
Dodge: Dodged            |   115 |    59 ||   174
